 Dungeon Crawl Stone Soup version 0.21-a0-70-g32e1473 (webtiles) character file.

25898 Malacante the Cruncher (level 12, -3/104 HPs)
             Began as a Demonspawn Gladiator on June 18, 2017.
             Was a High Priest of Fedhas.
             Slain by a four-headed hydra (7 damage)
             ... on level 3 of the Lair of Beasts.
             The game lasted 01:01:36 (16871 turns).

Malacante the Cruncher (Demonspawn Gladiator)      Turns: 16871, Time: 01:01:38

Health: -3/104     AC: 23    Str: 19    XL:     12   Next: 93%
Magic:  17/17      EV: 13    Int: 10    God:    Fedhas [*****.]
Gold:   995        SH:  5    Dex: 18    Spells: 10/11 levels left

rFire    . . .     SeeInvis +   r - +4 quarterstaff (chaos)
rCold    . . .     Gourm    .   (shield currently unavailable)
rNeg     . . .     Faith    .   i - +0 ring mail
rPois    +         Spirit   .   G - +2 hat
rElec    .         Reflect  +   h - +1 cloak
rCorr    .         Harm     .   c - +0 pair of gloves
MR       .....                  H - +2 pair of boots
Stlth    ++........             J - amulet "Utenuh" {Reflect Dex+3 SH+5 SInv}
HPRegen  0.27/turn              M - ring of see invisible
MPRegen  0.15/turn              Z - ring of poison resistance

@: lethally poisoned (-3 -> -5), sanguine armour
A: horns 1, demonic guardian 2, nightstalker 1, robust 1, sanguine armour 2
a: Fungal Bloom, Evolution, Sunlight, Growth, Reproduction, Rain, Renounce
Religion


You were on level 3 of the Lair of Beasts.
You worshipped Fedhas.
Fedhas was extremely pleased with you.
You were hungry.

You visited 2 branches of the dungeon, and saw 14 of its levels.

You collected 995 gold pieces.

Inventory:

Hand Weapons
 o - a +0 blowgun
 r - a +4 quarterstaff of chaos (weapon)
Missiles
 d - 5 throwing nets
 k - 66 poisoned needles
 l - 261 stones
 O - 7 tomahawks of returning
 P - 14 tomahawks (quivered)
Armour
 c - a +0 pair of gloves (worn)
 h - a +1 cloak (worn)
 i - a +0 ring mail (worn)
 G - a +2 hat (worn)
 H - a +2 pair of boots (worn)
Jewellery
 w - the amulet of Dissent {+Rage Str+3}
   (You found it on level 9 of the Dungeon)

   [amulet of rage]

   It affects your strength (+3).
   It lets you go berserk.
 E - an uncursed amulet of magic regeneration {unknown}
 J - the amulet "Utenuh" (around neck) {Reflect Dex+3 SH+5 SInv}
   (You found it on level 10 of the Dungeon)

   [amulet of reflection]

   It shields you and reflects attacks.
   It affects your dexterity (+3).
   It lets you see invisible.
   It affects your SH (+5).
 M - a ring of see invisible (left hand)
 Z - a ring of poison resistance (right hand)
Wands
 s - a wand of acid (2/15)
 y - a wand of acid (8/15)
 z - a wand of polymorph (13/24)
 B - a wand of flame (29/48)
 L - a wand of flame (23/48)
 V - a wand of digging (8/24)
 Y - a wand of polymorph (8/24)
Scrolls
 a - 4 scrolls of remove curse
 b - 2 scrolls of recharging
 j - a scroll of enchant armour
 p - a scroll of silence
 F - 4 scrolls of teleportation
 K - 2 scrolls of fog
 N - 2 scrolls of identify
 R - a scroll of blinking
 T - a scroll of amnesia
Potions
 e - 4 potions of agility
 g - 6 potions of curing
 m - 6 potions of mutation
 n - 2 potions of resistance
 q - 2 potions of invisibility
 t - 4 potions of might
 A - a potion of heal wounds
 C - a potion of cancellation
 D - a potion of flight {unknown}
 I - a potion of brilliance
 Q - a potion of berserk rage
Books
 v - a book of Frost

   Spells                             Type                      Level
   a - Freeze                         Ice                          1
   b - Throw Frost                    Conjuration/Ice              2
   c - Ozocubu's Armour               Charms/Ice                   3
   d - Throw Icicle                   Conjuration/Ice              4
   e - Summon Ice Beast               Ice/Summoning                4
 S - a book of Party Tricks

   Spells                             Type                      Level
   a - Summon Butterflies             Summoning                    1
   b - Apportation                    Translocation                1
   c - Lesser Beckoning               Translocation                3
   d - Tukima's Dance                 Hexes                        3
   e - Alistair's Intoxication        Transmutation/Poison         5
   f - Invisibility                   Hexes                        6
Miscellaneous
 U - a lightning rod (4/4)
 W - a box of beasts
Comestibles
 f - 11 bread rations
 u - 14 fruits
 x - 10 meat rations
 X - a royal jelly


   Skills:
 - Level 9.2 Fighting
 - Level 14.3 Staves
 + Level 4.9 Throwing
 - Level 5.0 Armour
 - Level 4.0 Dodging
 - Level 5.3 Summonings
 - Level 6.8 Invocations
 - Level 5.2 Evocations


You had 10 spell levels left.
You knew the following spells:

 Your Spells              Type           Power        Failure   Level  Hunger
a - Summon Butterflies    Summ           ##......     7%          1    ##.....


Dungeon Overview and Level Annotations

Branches:
Dungeon (11/15)            Temple (0/1) D:7            Lair (3/6) D:10
  Swamp (0/4) Lair:3       Spider (0/4) Lair:2
    Orc: D:9-12

Altars:
Ashenzari
Dithmenos
Elyvilon
Fedhas
Kikubaaqudgha
Sif Muna
Uskayaw
Wu Jian
Xom
Zin

Shops:
D:9 %


Innate Abilities, Weirdness & Mutations

You have a pair of small horns on your head.
A demonic guardian rushes to your aid.
You are slightly more attuned to the shadows.
You are robust. (+10% HP)
When seriously injured, your bleeding wounds create thick armour. (AC +9)


Message History

The four-headed hydra is splashed with acid.
The acid corrodes the four-headed hydra!
The four-headed hydra is almost dead.
This wand has 2 charges left.
You feel sick.
You block the four-headed hydra's attack.
The four-headed hydra bites you but does no damage.
The four-headed hydra bites you!
The four-headed hydra bites you but does no damage.
You block the four-headed hydra's attack.
The four-headed hydra bites you! x2
* * * LOW HITPOINT WARNING * * *
The four-headed hydra bites you but does no damage.
You feel sick. The four-headed hydra bites you.
* * * LOW HITPOINT WARNING * * *
The four-headed hydra bites you.
* * * LOW HITPOINT WARNING * * *
The four-headed hydra bites you!
You die...
Fedhas appreciates your contribution to the ecosystem.

##########
#####........#### ##
#.##..........(.# ..
##..f..f.((.(.(.# #.
##...f.......§..# ..
#.....@D...§..§..# ..
##.....§§..§..§.#. #.
#P.......§......# ##
##......§§§....P# ##.#
#........§§...#####.##
#####.....§§§§§. ##.....
#..##.#>....§§####.....[
#f.##.........#.#.......
###.f#........###........


You could see a four-headed hydra (berserk) and 3 friendly wandering mushrooms.

Vanquished Creatures
  The ghost of Serafim the Severer, a journeyman MiFi of Okawaru (Lair:2)
  3 hydras
  A two-headed ogre (D:10)
  4 elephants (Lair:2)
  3 black mambas
  4 spiny frogs
  5 komodo dragons
  A troll (D:10)
  8 blink frogs (Lair:2)
  3 hippogriffs
  A human (D:8)
  A hungry ghost (D:9)
  A basilisk (Lair:3)
  27 yaks
  4 hogs (D:8)
  5 water moccasins
  Duvessa (D:7)
  3 porcupines
  A sky beast (D:9)
  An ice beast (D:5)
  2 orc warriors (D:7)
  A black bear (D:7)
  2 ogres
  3 phantoms
  2 centaurs
  2 wolves (Lair:2)
  8 crocodiles
  3 bullfrogs
  A gnoll sergeant (D:8)
  2 scorpions
  4 killer bees (D:9)
  12 wights
  4 howler monkeys
  2 crimson imps
  2 orc priests
  2 bullfrog skeletons
  A centaur skeleton (D:8)
  9 orc wizards
  An iguana (D:7)
  Crazy Yiuf (D:3)
  7 worker ants
  A hound skeleton (D:8)
  10 gnolls
  6 adders
  A howler monkey skeleton (D:7)
  An ooze (D:1)
  An adder zombie (D:6)
  An adder skeleton (D:4)
  3 worms
  3 dart slugs
  5 leopard geckos
  28 orcs
  4 bats
  3 giant cockroaches
  5 goblins
  4 hobgoblins
  13 jackals
  10 quokkas
  3 ball pythons
  4 frilled lizards
  A giant cockroach zombie (D:5)
  11 kobolds
  A leopard gecko skeleton (D:3)
  7 rats
275 creatures vanquished.

Vanquished Creatures (collateral kills)
  A caustic shrike (D:10)
  Harold (D:10)
  A hydra (Lair:3)
  Nergalle (D:10)
  An ugly thing (D:9)
  Joseph (D:7)
  A spiny frog (Lair:1)
  2 elephants (Lair:2)
  A blink frog (shapeshifter) (D:5)
  4 blink frogs (Lair:2)
  14 yaks
  The ghost of yrara the Skirmisher, an amateur DsFi (D:6)
  Menkaure (D:7)
  A water moccasin (Lair:3)
  A porcupine (Lair:3)
  A sky beast (D:7)
  An orc warrior (D:7)
  A phantom (D:6)
  2 wolves (Lair:2)
  The ghost of yrara the Cudgeler, an amateur DsFi (D:3)
  4 ogres
  2 centaurs
  3 crocodiles
  A big kobold (D:10)
  Dowan (D:7)
  2 wights (D:8)
  5 orc wizards
  2 iguanas
  A worker ant (D:9)
  A gnoll (D:7)
  An adder (D:9)
  2 howler monkey skeletons
  4 orcs (D:7)
  A goblin (D:3)
  3 kobolds (D:10)
71 creatures vanquished.

Vanquished Creatures (others)
  2 necrophages
  A centaur (D:6)
  7 wandering mushrooms
  A jelly (D:6)
  A worker ant (D:6)
  An orc (D:6)
  A jackal (D:6)
  A bush (Lair:2)
  9 fungi (Lair:2)
  4 plants (Lair:2)
  259 toadstools
287 creatures vanquished.

Grand Total: 633 creatures vanquished

Notes
Turn   | Place    | Note
-------+----------+-------------------------------------------
     0 | D:1      | Malacante the Demonspawn Gladiator began the quest for the Orb.
     0 | D:1      | Reached XP level 1. HP: 16/16 MP: 1/1
   260 | D:1      | Reached skill level 3 in Staves
   501 | D:1      | Gained mutation: You have a pair of small horns on your head. [demonic ancestry]
   501 | D:1      | Reached XP level 2. HP: 20/22 MP: 2/2
   940 | D:1      | Gained mutation: A weak demonic guardian rushes to your aid. [demonic ancestry]
   940 | D:1      | Reached XP level 3. HP: 23/27 MP: 3/3
  1507 | D:2      | Found a hide-covered altar of Uskayaw.
  1548 | D:2      | Reached skill level 4 in Staves
  1691 | D:2      | Found a white marble altar of Elyvilon.
  1881 | D:3      | Found a faded altar of an unknown god.
  1894 | D:3      | Became a worshipper of Fedhas Madash
  1894 | D:3      | Reached * piety under Fedhas
  2391 | D:3      | Noticed yrara's ghost (amateur DsFi)
  2406 | D:3      | Killed yrara's ghost
  2406 | D:3      | Reached XP level 4. HP: 31/33 MP: 1/4
  2434 | D:3      | Found a runed door.
  2464 | D:3      | Reached skill level 5 in Staves
  2793 | D:3      | Reached XP level 5. HP: 38/38 MP: 5/5
  2875 | D:3      | Noticed Crazy Yiuf
  2881 | D:3      | Killed Crazy Yiuf
  3449 | D:4      | Reached skill level 6 in Staves
  3477 | D:4      | Gained mutation: When seriously injured, your bleeding wounds create armour. (AC +9) [demonic ancestry]
  3477 | D:4      | Reached XP level 6. HP: 44/44 MP: 6/6
  3802 | D:4      | Reached ** piety under Fedhas
  4096 | D:5      | Entered Level 5 of the Dungeon
  4130 | D:5      | Noticed an ice beast
  4132 | D:5      | Noticed a blink frog
  4132 | D:5      | an ice beast changed into a blink frog
  4137 | D:5      | Killed a blink frog
  4137 | D:5      | Reached skill level 7 in Staves
  4137 | D:5      | Reached skill level 1 in Invocations
  4137 | D:5      | Gained mutation: A demonic guardian rushes to your aid. [demonic ancestry]
  4137 | D:5      | Reached XP level 7. HP: 40/50 MP: 6/8
  4504 | D:5      | Found an ancient bone altar of Kikubaaqudgha.
  4640 | D:5      | Reached skill level 8 in Staves
  4647 | D:5      | Found a deep blue altar of Sif Muna.
  5017 | D:5      | Gained mutation: When seriously injured, your bleeding wounds create thick armour. (AC +9) [demonic ancestry]
  5017 | D:5      | Reached XP level 8. HP: 52/56 MP: 10/10
  5270 | D:6      | Noticed yrara's ghost (amateur DsFi)
  5281 | D:6      | Killed yrara's ghost
  5281 | D:6      | Reached skill level 9 in Staves
  5286 | D:6      | Found a shimmering altar of Xom.
  5726 | D:5      | Reached skill level 5 in Invocations
  6316 | D:7      | Reached skill level 10 in Staves
  6462 | D:7      | Noticed Menkaure
  6476 | D:7      | Killed Menkaure
  6731 | D:7      | Reached XP level 9. HP: 61/61 MP: 13/13
  6936 | D:7      | Found an ornate altar of the Wu Jian Council.
  6972 | D:7      | Noticed Duvessa
  6974 | D:7      | Noticed Dowan
  6979 | D:7      | Noticed Joseph
  6986 | D:7      | Killed Duvessa
  6991 | D:7      | Killed Dowan
  6999 | D:7      | Killed Joseph
  6999 | D:7      | Reached skill level 11 in Staves
  7061 | D:7      | Found a glowing silver altar of Zin.
  7363 | D:7      | Found a staircase to the Ecumenical Temple.
  7731 | D:8      | Reached *** piety under Fedhas
  7763 | D:8      | Found a shadowy altar of Dithmenos.
  8190 | D:8      | Reached skill level 12 in Staves
  8199 | D:8      | Reached XP level 10. HP: 39/67 MP: 15/15
  8693 | D:9      | Noticed a brown ugly thing
  8723 | D:9      | Killed a brown ugly thing
  8907 | D:9      | Found Vafamih's Food Shoppe.
  9274 | D:9      | Got a sparkling jade amulet
  9276 | D:9      | Identified the amulet of Dissent {+Rage Str+3} (You found it on level 9 of the Dungeon)
  9327 | D:9      | Found a shattered altar of Ashenzari.
  9389 | D:9      | Found an ornate altar of the Wu Jian Council.
  9626 | D:9      | Reached skill level 13 in Staves
  9639 | D:9      | Reached **** piety under Fedhas
  9832 | D:10     | Entered Level 10 of the Dungeon
  9837 | D:10     | Noticed Gastronok
  9861 | D:10     | Noticed Gastronok
  9861 | D:10     | Gastronok changed into Gastronok the caustic shrike
  9864 | D:10     | Killed Gastronok the caustic shrike
  9864 | D:10     | Reached skill level 14 in Staves
 10153 | D:10     | Found a staircase to the Lair.
 10170 | D:10     | Noticed a two-headed ogre
 10178 | D:10     | Killed a two-headed ogre
 10178 | D:10     | Gained mutation: You are slightly more attuned to the shadows. [demonic ancestry]
 10178 | D:10     | Reached XP level 11. HP: 47/75 MP: 16/16
 10554 | D:10     | Noticed Nergalle
 10560 | D:10     | Noticed Harold
 10567 | D:10     | Killed Nergalle
 10567 | D:10     | Reached skill level 5 in Fighting
 10718 | D:10     | Got a heavily runed bone amulet
 11236 | D:10     | Killed Harold
 11236 | D:10     | Reached skill level 1 in Evocations
 11583 | D:11     | Reached skill level 1 in Armour
 11611 | D:11     | Identified the amulet "Utenuh" {Reflect Dex+3 SH+5 SInv} (You found it on level 10 of the Dungeon)
 12001 | D:11     | Noticed a white ugly thing
 12072 | Lair:1   | Entered Level 1 of the Lair of Beasts
 13110 | Lair:2   | Noticed a seven-headed hydra
 13120 | Lair:2   | Gained mutation: You are robust. (+10% HP) [demonic ancestry]
 13120 | Lair:2   | Reached XP level 12. HP: 78/103 MP: 17/17
 13124 | Lair:2   | Killed a seven-headed hydra
 13353 | Lair:2   | Noticed an eight-headed hydra
 13362 | Lair:2   | Killed an eight-headed hydra
 13388 | Lair:2   | Noticed Serafim's ghost (journeyman MiFi)
 13410 | Lair:2   | Killed Serafim's ghost
 13849 | Lair:2   | Reached skill level 5 in Evocations
 14087 | Lair:2   | Found a hole to the Spider Nest.
 14501 | Lair:2   | Reached skill level 5 in Armour
 14662 | Lair:2   | Learned a level 1 spell: Summon Butterflies
 14741 | Lair:2   | Reached skill level 1 in Summonings
 15601 | Lair:2   | Reached ***** piety under Fedhas
 15850 | Lair:3   | Found a staircase to the Swamp.
 15852 | Lair:3   | Noticed a four-headed hydra
 15852 | Lair:3   | Noticed an eight-headed hydra
 15882 | Lair:3   | Killed an eight-headed hydra
 16090 | Lair:3   | Reached skill level 5 in Summonings
 16091 | Lair:3   | Killed a four-headed hydra
 16843 | Lair:3   | Noticed a four-headed hydra
 16871 | Lair:3   | HP: 4/104 [four-headed hydra (6)]
 16871 | Lair:3   | Slain by a four-headed hydra

Vault maps used:
D:1:      minmay_arrival_wavy_path, hangedman_decor_clover_reticule,
          minmay_split_cup_large
D:2:      nicolae_overflow_crystal_walls, overflow_temple_1_default, first_bread
D:3:      chequers_ecumenical_altar_island, uniq_crazy_yiuf_cottage
D:5:      kb_forest_paths, nicolae_overflow_hidden_temple, old_standard_altar
D:6:      xom_confusion_cloud
D:7:      lemuel_doored_altar, zin_academy, minmay_temple_entry_from_below_b,
          uniq_duvessa, uniq_menkaure, uniq_joseph
D:8:      nicolae_dithmenos_shadow_blocks, grunt_livestock
D:9:      nicolae_ashenzari_panopticon, basic_altar, serial_shops, shop,
          nooodl_food_tri
D:10:     lair_entry_dummy, uniq_harold, uniq_gastronok, uniq_nergalle
Lair:2:   dummy_spider_entry, beast_lair_carwin_5
Lair:3:   minmay_swamp_entry_reptiles

Skill      XL: |  1  2  3  4  5  6  7  8  9 10 11 12 |
---------------+-------------------------------------+-----
Staves         | 3 4 5 6 7 8 10 12 14 | 14.3
Invocations    | 1 3 5 6 |  6.8
Fighting       | 3 8 9 |  9.2
Evocations     | 3 5 |  5.2
Throwing       | 3 4 |  4.9
Armour         | 3 5 |  5.0
Dodging        | 3 4 |  4.0
Summonings     | 5 |  5.3

Action                   |  1- 3 |  4- 6 |  7- 9 | 10-12 || total
-------------------------+-------+-------+-------+-------++-------
Melee: Quarterstaff      |    87 |   107 |   272 |   552 ||  1018
       Headbutt          |    14 |    22 |    50 |   145 ||   231
 Fire: Blowgun           |       |       |     2 |    56 ||    58
Throw: Stone             |       |     1 |     4 |     9 ||    14
       Tomahawk          |       |       |       |    11 ||    11
Invok: Fungal Bloom      |     3 |    14 |    25 |    41 ||    83
       Evolution         |     2 |       |     3 |     5 ||    10
       Sunlight          |       |       |     1 |     1 ||     2
Evoke: Wand              |       |       |       |     2 ||     2
  Use: Scroll            |    13 |     1 |     7 |     9 ||    30
       Potion            |       |       |     1 |     1 ||     2
 Stab: Sleeping          |     2 |       |       |     2 ||     4
       Distracted        |     1 |     1 |       |     4 ||     6
       Paralysed         |       |     1 |     2 |     3 ||     6
       Confused          |       |       |     1 |     5 ||     6
       Petrified         |       |       |     2 |       ||     2
       Petrifying        |       |       |     1 |     3 ||     4
  Eat: Chunk             |     4 |     2 |     5 |     9 ||    20
       Bread ration      |       |     1 |       |       ||     1
       Meat ration       |       |       |     1 |     1 ||     2
       Royal jelly       |       |       |     1 |     7 ||     8
Armor: Leather armour    |     9 |       |       |       ||     9
       Ring mail         |    16 |    37 |    55 |   150 ||   258
       Skin              |       |       |     4 |       ||     4
Dodge: Dodged            |    57 |    58 |   118 |   202 ||   435
Block: Other             |       |     3 |    44 |    68 ||   115
       Reflection        |       |       |     1 |       ||     1
